 Dungeon Crawl Stone Soup version 0.20.1-1-g8b1a95d (webtiles) character file.

271 gobwax the Magician (level 6, 0/32 HPs)
             Began as a Deep Elf Air Elementalist on Sept 8, 2017.
             Succumbed to poison (poison gas)
             ... in an ossuary.
             The game lasted 00:17:57 (3931 turns).

gobwax the Magician (Deep Elf Air Elementalist)     Turns: 3931, Time: 00:17:58

Health: 0/32       AC:  3    Str:  9 (10) XL:     6   Next: 2%
Magic:  12/15      EV: 13    Int: 20 (22) God:
Gold:   152        SH:  0    Dex: 17 (18) Spells: 7/15 levels left

rFire    . . .     SeeInvis .   t - +1 dagger (venom)
rCold    . . .     Gourm    .   (no shield)
rNeg     . . .     Faith    .   n - +0 robe
rPois    .         Spirit   .   d - +0 helmet
rElec    .         Reflect  .   (no cloak)
rCorr    .         Harm     .   (no gloves)
MR       .....                  (no boots)
Stlth    ++........             (no amulet)
Regen    0.1/turn               l - +3 ring of dexterity
MPRegen  0.2/turn               (no ring)

@: mighty, lethally poisoned (0 -> -10), very slightly contaminated, drained
A: no striking features
a: no special abilities


You were in an ossuary.
You were not hungry.

You visited 1 branch of the dungeon, and saw 5 of its levels.
You also visited: Ossuary.

You collected 152 gold pieces.

Inventory:

Hand Weapons
 i - a +0 whip
 t - a +1 dagger of venom (weapon)
Armour
 a - a +0 robe
 d - a +0 helmet (worn)
 n - a +0 robe (worn)
Jewellery
 l - a +3 ring of dexterity (left hand)
Scrolls
 e - 9 scrolls of identify
 f - a scroll of blinking
 j - 6 scrolls of remove curse
 m - 3 scrolls of noise {unknown}
 o - a scroll of recharging
 p - a scroll of magic mapping
Books
 b - a book of Air

   Spells                             Type                      Level
   a - Shock                          Conjuration/Air              1
   b - Swiftness                      Charms/Air                   2
   c - Static Discharge               Conjuration/Air              3
   d - Airstrike                      Air                          4
   e - Lightning Bolt                 Conjuration/Air              5
 w - a book of Callings

   Spells                             Type                      Level
   a - Summon Small Mammal            Summoning                    1
   b - Call Imp                       Summoning                    2
   c - Call Canine Familiar           Summoning                    3
   d - Summon Guardian Golem          Hexes/Summoning              3
   e - Summon Lightning Spire         Summoning/Air                4
   f - Summon Ice Beast               Ice/Summoning                4
Comestibles
 c - 4 bread rations


   Skills:
 - Level 2.7(2.5) Dodging
 - Level 2.8(2.6) Stealth
 + Level 5.1(4.9) Spellcasting
 * Level 3.8(3.6) Conjurations
 + Level 0.7(0.5) Summonings
 + Level 4.4(4.1) Air Magic


You had 7 spell levels left.
You knew the following spells:

 Your Spells              Type           Power        Failure   Level  Hunger
a - Shock                 Conj/Air       ###.         2%          1    None
b - Static Discharge      Conj/Air       ###.....     7%          3    ##.....
c - Summon Lightning Spi  Summ/Air       ##......     41%         4    ####...


Dungeon Overview and Level Annotations

Branches:
Dungeon (5/15)
 Temple: D:4-7

Altars:
Gozag
Makhleb
Qazlal
Trog
Xom

Shops:
D:4 }

Annotations:
D:4 Frank's ghost, amateur OpMo
D:5 Eustachio Ossuary BGT's ghost, novice DrMo


Message History

Confirm with . or Enter, or press ? or * to list all spells.
Aiming: Summon Lightning Spire
Press: ? - help, Dir - move target cursor An electric hum fills the air.
* * * LOW HITPOINT WARNING * * *
You feel sick.
You aren't carrying any potions.
Unknown command.
As you read the scroll labeled RYCLES MIGHIEKH, it crumbles to dust.
The air around you briefly surges with heat, but it dissipates.
It was a scroll of immolation.
* * * LOW HITPOINT WARNING * * *
You feel sick.
You aren't carrying any potions.
As you read the scroll labeled YFODDUOKIS, it crumbles to dust.
It is a scroll of amnesia.
Forget which spell ([?*] list [ESC] exit)?
Forget which spell ([?*] list [ESC] exit)?
Okay, then.
You die...

#..##.##8#.......#8## ..
#...##.###.......# # ...
#....##.##.......##. ....
#.....##.#.......#.##ZZ...
#......'.#...8...#Z'ZZZ...
#.....##.#.......#Z##
#....##.##.^.(...##.##
#...##.# #.^8§§(.###W##
#..##.##8#..@§..§# ##.##
#.##.##8.'.^§§§§.+ ##.##
###+###################'###
#.....## #.#.#.#.##.....#
#......#+#+#'#'#'#'#......#
#.........................#
#.......W..∩.M.∩..........#
###########################


You could see a friendly lightning spire.

Vanquished Creatures
  An orc priest (D:4)
  An orc wizard (D:3)
  2 big kobold zombies (Ossuary)
  A hound skeleton (D:4)
  A gnoll (D:1)
  5 adders (D:2)
  2 oozes (D:2)
  An adder skeleton (D:4)
  2 leopard geckos (D:1)
  4 orcs
  A spectral bat (Ossuary)
  3 bats
  A giant cockroach (D:2)
  A gnoll zombie (Ossuary)
  13 goblins
  6 hobgoblins
  4 jackals (D:5)
  10 kobolds
  3 bat simulacra (Ossuary)
  4 frilled lizards
  A goblin simulacrum (Ossuary)
  2 hobgoblin zombies (Ossuary)
  2 kobold zombies (Ossuary)
  2 orc zombies (Ossuary)
  3 rats
  3 rat simulacra (Ossuary)
  A spectral goblin (Ossuary)
  A spectral kobold (Ossuary)
  A spectral rat (Ossuary)
82 creatures vanquished.

Vanquished Creatures (collateral kills)
  3 big kobold zombies (Ossuary)
  2 spectral bats (Ossuary)
  2 goblin zombies (Ossuary)
  A hobgoblin zombie (Ossuary)
  A kobold zombie (Ossuary)
  4 orc zombies (Ossuary)
  A spectral goblin (Ossuary)
  A spectral kobold (Ossuary)
  2 spectral rats (Ossuary)
17 creatures vanquished.

Vanquished Creatures (others)
  A big kobold zombie (Ossuary)
  A gnoll zombie (Ossuary)
  A goblin zombie (Ossuary)
  A kobold zombie (Ossuary)
4 creatures vanquished.

Grand Total: 103 creatures vanquished

Notes
Turn   | Place    | Note
-------+----------+-------------------------------------------
     0 | D:1      | gobwax the Deep Elf Air Elementalist began the quest for the Orb.
     0 | D:1      | Reached XP level 1. HP: 10/10 MP: 6/6
   241 | D:1      | Reached XP level 2. HP: 15/15 MP: 6/8
   845 | D:2      | Reached XP level 3. HP: 19/19 MP: 5/10
  1040 | D:2      | Reached skill level 4 in Spellcasting
  1477 | D:2      | Reached XP level 4. HP: 24/24 MP: 10/12
  1562 | D:2      | Found a snail-covered altar of Cheibriados.
  1564 | D:2      | Found an opulent altar of Gozag.
  1564 | D:2      | Found a stormy altar of Qazlal.
  1568 | D:2      | Found a bloodstained altar of Trog.
  1568 | D:2      | Found a shimmering altar of Xom.
  1568 | D:2      | Found a burning altar of Makhleb.
  1758 | D:2      | Learned a level 3 spell: Static Discharge
  2067 | D:3      | Reached XP level 5. HP: 28/28 MP: 6/13
  2742 | D:4      | Found Eserome's Gadget Emporium.
  3216 | D:4      | Noticed Frank's ghost (amateur OpMo)
  3284 | D:5      | Entered Level 5 of the Dungeon
  3313 | D:5      | Noticed Eustachio
  3341 | D:5      | Found a sand-covered staircase.
  3347 | Ossuary  | Entered an ossuary
  3353 | Ossuary  | Learned a level 4 spell: Summon Lightning Spire
  3515 | Ossuary  | Noticed BGT's ghost (novice DrMo)
  3552 | Ossuary  | HP: 1/28 [bat simulacrum (2)]
  3819 | Ossuary  | Reached skill level 5 in Spellcasting
  3870 | Ossuary  | Reached XP level 6. HP: 27/32 MP: 7/15
  3930 | Ossuary  | HP: 1/32 [poison (poison gas)]
  3931 | Ossuary  | Succumbed to poison (poison gas)

Skill      XL: |  1  2  3  4  5 |
---------------+----------------+-----
Spellcasting   | 4 5 |  5.1
Conjurations   | 2 3 |  3.8
Air Magic      | 4 |  4.4
Dodging        | |  2.7
Stealth        | |  2.8
Summonings     | |  0.7

Action                   |  1- 3 |  4- 6 || total
-------------------------+-------+-------++-------
Melee: Dagger            |       |    10 ||    10
 Cast: Shock             |    62 |   111 ||   173
       Summon Lightning  |       |     8 ||     8
       Static Discharge  |       |     3 ||     3
  Use: Potion            |     1 |     9 ||    10
       Scroll            |       |    12 ||    12
 Stab: Sleeping          |       |     1 ||     1
  Eat: Chunk             |     1 |     7 ||     8
       Meat ration       |       |     1 ||     1
Armor: Robe              |     4 |    60 ||    64
Dodge: Dodged            |    14 |   122 ||   136
